 Dungeon Crawl Stone Soup version 0.29.1-2-gbd0b4ee654 (webtiles) character file.

Game seed: 10672382347649895030

36 GorkyZ the Shield-Bearer (level 3, 0/23 HPs)
             Began as a Gargoyle Fighter on Nov 25, 2022.
             Slain by Sigmund
             ... wielding a +0 scythe
              (1 damage)
             ... on level 2 of the Dungeon.
             The game lasted 00:03:08 (1438 turns).

GorkyZ the Shield-Bearer (Gargoyle Fighter)         Turns: 1438, Time: 00:03:08

Health: 0/23       AC: 11    Str: 21    XL:     3   Next: 37%
Magic:  3/3        EV:  9    Int:  8    God:
Gold:   120        SH:  4    Dex:  9    Spells: 2/2 levels left

rFire   . . .      SeeInvis .   a - +0 war axe
rCold   . . .      Faith    .   c - +0 buckler
rNeg    + . .      Spirit   .   b - +0 scale mail
rPois   ∞          Reflect  .   (no helmet)
rElec   +          Harm     .   (no cloak)
rCorr   .          Rampage  .   f - +0 pair of gloves
Will    .....                   (no boots)
Stlth   ..........              (no amulet)
HPRegen 0.07/turn               (no ring)
MPRegen 0.08/turn               (no ring)

@: no status effects
A: sickness immunity, AC +3, negative energy resistance 1, electricity
resistance, torment resistance 1, petrification resistance
a: no special abilities


You were on level 2 of the Dungeon.
You visited 1 branch of the dungeon, and saw 2 of its levels.

You collected 120 gold pieces.

Inventory:

Hand Weapons
 a - a +0 war axe (weapon)
Missiles
 k - a throwing net (quivered)
 l - 3 javelins
 m - 6 poisoned darts
Armour
 b - a +0 scale mail (worn)
 c - a +0 buckler (worn)
 f - a +0 pair of gloves (worn)
Scrolls
 e - a scroll of amnesia {unknown}
 g - 3 scrolls of teleportation {unknown}
 i - 2 scrolls of identify {unknown}
Potions
 d - a potion of might
 h - a potion of flight {unknown}
 j - 3 potions of curing {unknown}


   Skills:
 + Level 3.5 Fighting
 + Level 2.0 Axes
 + Level 0.7 Throwing
 + Level 3.4 Armour
 + Level 0.5 Dodging
 + Level 3.5 Shields
 + Level 0.8 Evocations


You had 2 spell levels left.
You didn't know any spells.
Your spell library contained the following spells:

 Spells                   Type           Power      Damage    Failure   Level
 Shock                    Conj/Air       0%         1d3       83%         1
 Swiftness                Air            0%         N/A       99%         3
 Airstrike                Air            0%         2d(0-16)  100%        4


Dungeon Overview and Level Annotations

Branches:
Dungeon (2/15)

Altars:

Shops:
D:1 (

Annotations:
D:2 Sigmund


Innate Abilities, Weirdness & Mutations

You are immune to sickness and miasma.
Your stone body is resilient. (AC +3)
You are immune to poison.
You resist negative energy. (rN+)
You are resistant to electric shocks. (rElec)
You are resistant to unholy torment.
You are immune to petrification.


Message History

Sigmund hits you but does no damage.
You bump into the rock wall.
Sigmund hits you but does no damage.
You're too confused to move!
Sigmund gestures at you while chanting.
You are more confused.
Sigmund casts a spell at you.
You are more confused.
You bump into the rock wall.
Sigmund points at you and mumbles some strange words.
The magic dart hits you but does no damage.
You bump into the rock wall.
Sigmund casts a spell at you.
The puff of flame hits you but does no damage.
You barely miss Sigmund.
Sigmund is almost dead.
Sigmund hits you but does no damage.
You bump into the rock wall.
Sigmund hits you but does no damage.
You bump into the rock wall.
You bump into the rock wall.
Sigmund smiles chillingly.
Sigmund casts a spell.
Sigmund flickers and vanishes!
Deactivating autopickup; reactivate with Ctrl-A.
You bump into the rock wall.
Something hits you.
You bump into the rock wall.
Something hits you but does no damage.
You're too confused to move!
You bump into the rock wall.
Something hits you but does no damage.
You bump into the rock wall.
Something hits you.
You closely miss something.
You bump into the rock wall.
You hear some strange, mumbled words.
Something tries to affect you, but you resist.
You miss something. Something completely misses you.
You bump into the rock wall.
Something hits you.
You bump into the rock wall.
Something hits you but does no damage.
You feel less confused. Something hits you!
* * * LOW HITPOINT WARNING * * *
You barely miss something. Something hits you.
You die...

#####.<.........#.....#.#
# #.##...####......##.# #
#.##.###
#####..##.#########
#.##.# ###
#..##.......... #.##.#
##.## #..##.#########
#.##.# ##.#.###..##.#
#.##.###.###.##..##.#
#.......## ##....##.#
#####.##.#
#@##.###.######## #.#
#.#{## # #......... ..#
#.# #.######## ##.# ###
#.# #.# #(# #.# #.# #.#
#.# #.##### #.....#####


There were no monsters in sight!

Vanquished Creatures
  An adder (D:2)
  A dart slug (D:1)
  4 ball pythons (D:1)
  A bat (D:1)
  4 endoplasms
  4 giant cockroaches (D:1)
  A goblin (D:1)
  3 hobgoblins (D:1)
  3 frilled lizards (D:1)
  A kobold (D:1)
23 creatures vanquished.

Notes
Turn   | Place    | Note
-------+----------+-------------------------------------------
     0 | D:1      | GorkyZ the Gargoyle Fighter began the quest for the Orb.
     0 | D:1      | Reached XP level 1. HP: 14/14 MP: 1/1
   375 | D:1      | Reached XP level 2. HP: 16/19 MP: 2/2
   710 | D:1      | Found Dunecs's Weapon Shop.
   717 | D:1      | Found a faded altar of an unknown god.
  1267 | D:2      | Reached XP level 3. HP: 21/23 MP: 3/3
  1394 | D:2      | Noticed Sigmund
  1437 | D:2      | HP: 1/23 [something (7)]
  1438 | D:2      | Slain by Sigmund

Illustrated notes

Levels and vault maps discovered:
D:1:      dpeg_arrival_leaves_temple_mockup, layout_loops_corners, serial_shops,
          shop, hellmonk_ecumenical_altar_pennies_from_heaven
D:2:      layout_loops_ring, uniq_sigmund

Skill      XL: |  1  2  3 |
---------------+----------+-----
Axes           | 2 |  2.0
Fighting       | |  3.5
Throwing       | |  0.7
Armour         | |  3.4
Dodging        | |  0.5
Shields        | |  3.5
Evocations     | |  0.8

Action                   || total
-------------------------++-------
Melee: War axe           ||    70
Armor: Scale mail        ||    33
Dodge: Dodged            ||    23
Block: Buckler           ||     9
